 Dungeon Crawl Stone Soup version 0.27.1 (webtiles) character file.

Game seed: 12020714467902854362

124 Gwenloh the Digger (level 4, -5/36 HPs)
             Began as a Deep Dwarf Earth Elementalist on Aug 27, 2021.
             Slain by Crazy Yiuf (6 damage)
             ... on level 3 of the Dungeon.
             The game lasted 00:10:42 (3507 turns).

Gwenloh the Digger (Deep Dwarf Earth Elementalist)  Turns: 3507, Time: 00:10:43

Health: -5/36      AC:  3    Str: 11    XL:     4   Next: 81%
Magic:  4/7        EV: 12    Int: 17    God:
Gold:   95         SH:  0    Dex: 13    Spells: 1/7 levels left

rFire    . . .     SeeInvis .   h - +0 spear
rCold    . . .     Faith    .   (no shield)
rNeg     . . .     Spirit   .   l - +0 leather armour
rPois    .         Reflect  .   (no helmet)
rElec    .         Harm     .   (no cloak)
rCorr    .         Rampage  .   (no gloves)
Will     .....                  (no boots)
Stlth    ++........             (no amulet)
HPRegen  0.00/turn              (no ring)
MPRegen  0.10/turn              (no ring)

@: lethally poisoned (-5 -> -5), very slightly contaminated, invisible
A: damage resistance, heal wounds, sense surroundings 1, no regeneration
a: Heal Wounds


You were on level 3 of the Dungeon.
You visited 1 branch of the dungeon, and saw 3 of its levels.

You collected 95 gold pieces.

Inventory:

Hand Weapons
 g - a +0 vorpal hand crossbow
 h - a +0 spear (weapon)
Missiles
 c - 60 stones
Armour
 a - a +0 ring mail
 b - a +0 robe
 l - a +0 leather armour (worn)
Magical Staves
 i - a staff of death
Scrolls
 d - a scroll of blinking {unknown}
 f - a scroll of torment {unknown}
 j - a scroll of summoning {unknown}
 k - a scroll of brand weapon {unknown}
 m - a scroll of identify {unknown}
 o - a scroll of fear {unknown}
Potions
 e - 2 potions of flight {unknown}
 n - a potion of haste {unknown}


   Skills:
 + Level 1.9 Armour
 - Level 2.2 Dodging
 - Level 3.5 Stealth
 + Level 2.4 Spellcasting
 + Level 0.0 Conjurations
 - Level 0.8 Transmutations
 * Level 5.6 Earth Magic


You had one spell level left.
You knew the following spells:

 Your Spells              Type           Power      Damage    Failure   Level
a - Sandblast             Erth           42%        2d11      2%          1
b - Passwall              Tmut/Erth      10%        N/A       10%         2
c - Stone Arrow           Conj/Erth      22%        3d8       22%         3

Your spell library contained the following spells:

 Spells                   Type           Power      Damage    Failure   Level
 Ignite Poison            Fire/Tmut/Pois 3%         N/A       54%         3
 Petrify                  Tmut/Erth      13%        N/A       54%         4
 Conjure Flame            Conj/Fire      2%         6-21      58%         3
 Sticky Flame             Conj/Fire      2%         2d3       94%         4


Dungeon Overview and Level Annotations

Branches:
Dungeon (3/15)

Altars:
Gozag
Trog

Annotations:
D:3 Crazy Yiuf


Innate Abilities, Weirdness & Mutations

You are resistant to damage.
You can heal yourself by infusing magical energy.
You passively map a small area around you.
You do not regenerate.


Message History

There is an open translucent door here.
Casting: Stone Arrow (quite dangerous; 22% risk of failure)
Confirm with . or Enter, or press ? or * to list all spells.
Aiming: Sandblast (safe; 2% risk of failure)
Press: ? - help, Shift-Dir - straight line, f - Crazy Yiuf
Aim: Crazy Yiuf, wielding a +2 quarterstaff of chaos and wearing a +2 cloak (83% to hit)
The blast of sand hits Crazy Yiuf.
Crazy Yiuf is lightly wounded.
Casting: Sandblast (safe; 2% risk of failure)
Confirm with . or Enter, or press ? or * to list all spells.
Aiming: Sandblast (safe; 2% risk of failure)
Press: ? - help, Shift-Dir - straight line, f/p - Crazy Yiuf
Aim: Crazy Yiuf, wielding a +2 quarterstaff of chaos and wearing a +2 cloak (lightly wounded, 83% to hit)
The blast of sand hits Crazy Yiuf but does no damage.
Crazy Yiuf is lightly wounded.
Crazy Yiuf hits you with a +2 quarterstaff of chaos!
You fade into invisibility!
You are very lightly contaminated with residual magic.
Casting: Sandblast (safe; 2% risk of failure)
Confirm with . or Enter, or press ? or * to list all spells.
Aiming: Sandblast (safe; 2% risk of failure)
Press: ? - help, Shift-Dir - straight line, f/p - Crazy Yiuf
Aim: Crazy Yiuf, wielding a +2 quarterstaff of chaos and wearing a +2 cloak (lightly wounded, 83% to hit)
The blast of sand hits Crazy Yiuf.
Crazy Yiuf is heavily wounded.
Crazy Yiuf hits you with a +2 quarterstaff of chaos!
* * * LOW HITPOINT WARNING * * *
You are poisoned.
You hit Crazy Yiuf.
Crazy Yiuf is severely wounded.
Crazy Yiuf closely misses you.
You hit Crazy Yiuf but do no damage.
Crazy Yiuf is severely wounded.
Crazy Yiuf hits you with a +2 quarterstaff of chaos!
* * * LOW HITPOINT WARNING * * *
You easily resist.
You barely miss Crazy Yiuf.
Crazy Yiuf is heavily wounded.
Crazy Yiuf hits you with a +2 quarterstaff of chaos!
You die...

#..........#
#.............#
#..........#
#.............#
#.........##
########......#
#.........#
########
######'#'##
#####
#######.#.##
#)..#
...........#
#...#
.#######...#
#.g.#
.#....)..>.#
#@#
.#.#######.#
#.## .#.# #.#
##.# .#.# #.#
#.## .#.# #.#
##.# .#.# #.#
##.## ##.# #.#
#PP.#
#.#######.#
##PP.#
#.........#
#....#


You could see Crazy Yiuf.

Vanquished Creatures
  2 adders (D:2)
  5 gnolls
  An ufetubus (D:3)
  2 worms (D:3)
  An orc (D:3)
  7 ball pythons
  An endoplasm (D:1)
  3 giant cockroaches
  4 goblins
  6 hobgoblins
  2 quokkas
  A bat (D:2)
  3 frilled lizards
  4 kobolds
  6 rats
  A bush (D:3)
49 creatures vanquished.

Vanquished Creatures (others)
  13 plants (D:2)
13 creatures vanquished.

Grand Total: 62 creatures vanquished

Notes
Turn   | Place    | Note
-------+----------+-------------------------------------------
     0 | D:1      | Gwenloh the Deep Dwarf Earth Elementalist began the quest
                  | for the Orb.
     0 | D:1      | Reached XP level 1. HP: 15/15 MP: 3/3
   211 | D:1      | Reached XP level 2. HP: 22/22 MP: 2/4
   214 | D:1      | Learned a level 2 spell: Passwall
   970 | D:1      | Reached skill level 1 in Armour
   970 | D:1      | Reached XP level 3. HP: 28/28 MP: 4/6
   999 | D:1      | Learned a level 3 spell: Stone Arrow
  1277 | D:2      | Reached skill level 5 in Earth Magic
  1357 | D:2      | Reached XP level 4. HP: 28/36 MP: 4/7
  2498 | D:3      | Found a faded altar of an unknown god.
  2703 | D:3      | Noticed a moth of wrath
  2706 | D:3      | Found a bloodstained altar of Trog.
  2915 | D:3      | Found an opulent altar of Gozag.
  3496 | D:3      | Found a runed translucent door.
  3497 | D:3      | Noticed Crazy Yiuf
  3506 | D:3      | HP: 1/36 [Crazy Yiuf (7)]
  3507 | D:3      | Slain by Crazy Yiuf

Illustrated notes

Levels and vault maps discovered:
D:1:      dpeg_arrival_pits, layout_loops_corners
D:2:      layout_rooms, serial_curves, eino_curves_04, eino_curves_03,
          eino_curves_02, eino_curves_01, corexii_shack, serial_bayou_pond_c,
          chequers_serial_rivers_small_a
D:3:      layout_basic, tgw_trog, grunt_gozag_statues,
          chequers_ecumenical_altar_lobes, uniq_crazy_yiuf_cottage

Skill      XL: |  1  2  3 |
---------------+----------+-----
Spellcasting   | 2 |  2.4
Armour         | 1 |  1.9
Stealth        | 3 |  3.5
Earth Magic    | 5 |  5.6
Dodging        | |  2.2
Transmutations | |  0.8

Action                   |  1- 3 |  4- 6 || total
-------------------------+-------+-------++-------
Melee: Spear             |    10 |   251 ||   261
 Cast: Sandblast         |    37 |    43 ||    80
 Abil: Heal Wounds       |     1 |       ||     1
 Stab: Sleeping          |     1 |     1 ||     2
Armor: Robe              |     4 |       ||     4
       Leather armour    |       |     2 ||     2
Dodge: Dodged            |     8 |    12 ||    20
